 Dungeon Crawl Stone Soup version 0.27.0-1-g7a089689b8 (webtiles) character file.

Game seed: 14370542026265449668

9398 ZombieSheep the Cruncher (level 11, -1/82 (86) HPs)
             Began as a Gnoll Wanderer on Aug 5, 2021.
             Was a Priest of Nemelex Xobeh.
             Slain by a chaos spawn (2 damage)
             ... summoned by a kobold demonologist
             ... on level 10 of the Dungeon.
             The game lasted 00:34:03 (9290 turns).

ZombieSheep the Cruncher (Gnoll Wanderer)           Turns: 9290, Time: 00:34:05

HP:   -1/82 (86)    AC: -8    Str: 17    XL:     11   Next: 45%
MP:   20/20         EV: 13    Int: 15    God:    Nemelex Xobeh [***...]
Gold: 475           SH:  0    Dex: 11    Spells: 22/22 levels left

rFire    . . .     SeeInvis +   a - +1 quarterstaff (flame)
rCold    . . .     Faith    .   (shield currently unavailable)
rNeg     . . .     Spirit   .   d - +0 chain mail
rPois    .         Reflect  .   D - +0 hat
rElec    .         Harm     .   w - +0 cloak "Miurriam" {Contam Regen+ Int+5 SInv}
rCorr    +         Rampage  .   (no gloves)
Will     .....                  (no boots)
Stlth    ..........             (no amulet)
HPRegen  1.23/turn              g - ring of resist corrosion
MPRegen  0.17/turn              c - +4 ring of evasion

@: corroded, lightly drained
A: fangs 1, strong nose, distributed training
a: Renounce Religion, Draw Escape, Draw Destruction, Draw Summoning, Triple Draw


You were on level 10 of the Dungeon.
You worshipped Nemelex Xobeh.
Nemelex Xobeh was most pleased with you.
You visited 2 branches of the dungeon, and saw 11 of its levels.

You collected 475 gold pieces.

Inventory:

Hand Weapons
 a - a +1 quarterstaff of flaming (weapon)
 b - a +1 hunting sling of freezing
 t - a +2 vorpal long sword
 x - a +2 halberd of flaming
 y - a +1 morningstar of flaming
Missiles
 e - 34 sling bullets
 h - 8 boomerangs (quivered)
 A - 77 stones
Armour
 d - a +0 chain mail (worn)
 w - the +0 cloak "Miurriam" (worn) {Contam Regen+ Int+5 SInv}
   (You found it on level 6 of the Dungeon)

   Int:       It affects your intelligence (+5).
   SInv:      It lets you see invisible.
   Contam:    It causes magical contamination when unequipped.
   Regen:     It increases your rate of health regeneration.
 z - +0 steam dragon scales
 D - a +0 hat (worn)
Jewellery
 c - a +4 ring of evasion (right hand)
 f - an amulet of faith
 g - a ring of resist corrosion (left hand)
Wands
 k - a wand of polymorph (18)
 m - a wand of digging (6)
 p - a wand of iceblast (8)
 F - a wand of paralysis (1)
Scrolls
 j - 2 scrolls of enchant weapon
 l - 2 scrolls of magic mapping
 r - a scroll of enchant armour
 u - a scroll of teleportation
 B - a scroll of amnesia
 C - 4 scrolls of identify
Potions
 i - 5 potions of curing
 n - 2 potions of lignification
 o - a potion of berserk rage {unknown}
 q - 4 potions of flight
 s - a potion of attraction
 v - a potion of resistance {unknown}
 E - a potion of haste
 G - a potion of heal wounds


   Skills:
 + Level 7.9 Fighting
 + Level 6.3 Short Blades
 + Level 6.3 Long Blades
 + Level 6.3 Axes
 + Level 6.3 Maces & Flails
 + Level 6.9 Polearms
 + Level 9.2 Staves
 + Level 6.3 Slings
 + Level 6.3 Bows
 + Level 6.3 Crossbows
 + Level 6.3 Throwing
 + Level 6.3 Armour
 + Level 7.9 Dodging
 + Level 6.8 Stealth
 + Level 6.3 Shields
 + Level 6.3 Unarmed Combat
 + Level 6.3 Spellcasting
 + Level 5.2 Conjurations
 + Level 5.2 Hexes
 + Level 5.2 Summonings
 + Level 5.2 Necromancy
 + Level 5.2 Translocations
 + Level 5.2 Transmutations
 + Level 5.2 Fire Magic
 + Level 5.2 Ice Magic
 + Level 5.2 Air Magic
 + Level 5.2 Earth Magic
 + Level 5.2 Poison Magic
 + Level 6.9 Invocations
 + Level 6.9 Evocations


You had 22 spell levels left.
You didn't know any spells.
Your spell library contained the following spells:

 Spells                   Type           Power      Damage    Failure   Level
 Slow                     Hex            20%        N/A       30%         2
 Call Canine Familiar     Summ           20%        N/A       52%         3
 Confusing Touch          Hex            20%        N/A       52%         3
 Conjure Flame            Conj/Fire      20%        6-21      52%         3
 Ignite Poison            Fire/Tmut/Pois 20%        N/A       52%         3
 Mephitic Cloud           Conj/Pois/Air  20%        N/A       52%         3
 Portal Projectile        Hex/Tloc       40%        N/A       52%         3
 Vampiric Draining        Necr           10%        2d7       52%         3
 Leda's Liquefaction      Hex/Erth       10%        N/A       90%         4
 Petrify                  Tmut/Erth      20%        N/A       90%         4
 Sticky Flame             Conj/Fire      20%        2d4       90%         4
 Bolt of Magma            Conj/Fire/Erth 10%        4d7       99%         5
 Iskenderun's Battlesphe  Conj           20%        2d7       99%         5
 Metabolic Englaciation   Hex/Ice        10%        N/A       99%         5
 Iron Shot                Conj/Erth      10%        9d3       100%        6
 Statue Form              Tmut/Erth      13%        N/A       100%        6
 Spellforged Servitor     Conj/Summ      10%        N/A       100%        7


Dungeon Overview and Level Annotations

Branches:
Dungeon (10/15)            Temple (1/1) D:4             Orc (0/2) D:10
   Lair: D:8-11

Altars:
Ashenzari
Cheibriados
Dithmenos
Elyvilon
Fedhas
Gozag
Hepliaklqana
Kikubaaqudgha
Makhleb
Nemelex Xobeh
Okawaru
Qazlal
Ru
Sif Muna
Trog
Uskayaw
Vehumet
Wu Jian
Xom
Yredelemnul
Zin
The Shining One

Shops:
D:6 (   D:7 *

Portals:
Trove: D:10 (give +6 demon whip)

Annotations:
D:4 2 transporters


Innate Abilities, Weirdness & Mutations

You have very sharp teeth.
Your uncanny sense of smell can sniff out nearby items.
Your experience applies equally to all skills.


Message History

The rust devil hits you. The rust devil corrodes you!
You sock the kobold demonologist! You burn the kobold demonologist.
The kobold demonologist is almost dead.
The white imp closely misses you.
The kobold demonologist casts a spell.
The rust devil barely misses you.
Your chain mail prevents you from hitting the kobold demonologist.
The kobold demonologist is almost dead.
The white imp barely misses you.
The kobold demonologist looks encouraged for a moment.
You barely miss the kobold demonologist.
The kobold demonologist is almost dead.
The rust devil hits you. The rust devil corrodes you! The white imp hits you.
The white imp freezes you.
Unknown command.
You hit the kobold demonologist but do no damage.
The kobold demonologist is almost dead.
The kobold demonologist hits you with a +0 dagger.
The rust devil hits you. The white imp hits you. The white imp freezes you.
You barely miss the kobold demonologist.
The kobold demonologist is almost dead.
The kobold demonologist hits you with a +0 dagger.
The chaos spawn hits you.
You are engulfed in flames!
The rust devil hits you. The rust devil corrodes you!
The white imp closely misses you.
You closely miss the kobold demonologist.
The kobold demonologist is almost dead.
The kobold demonologist hits you with a +0 dagger.
The chaos spawn hits you.
You feel drained. The rust devil hits you! The rust devil corrodes you!
The white imp gestures at you. The puff of frost hits you!
* * * LOW HITPOINT WARNING * * *
You barely miss the kobold demonologist.
The kobold demonologist is almost dead.
The kobold demonologist closely misses you.
The chaos spawn hits you!
* * * LOW HITPOINT WARNING * * *
You feel drained.
You die...
Your body glows with a rainbow of weird colours and disappears.

..#.. #....).# ..#..
#......# ......#......#
.....#......#
#...#......#
#..........# ##
#####.....(....#
...#...#...# #K4!...#
...#...#...#####@.....#
..)#...#...#...54.....#
...#...#...#.......$..#
...#...#...#..........#
...#...#...#..........#
...#..................#
...#..................#
...#...#..............#
.......#...#####......#


You could see a rust devil (summoned), a kobold demonologist, a chaos spawn
(summoned) and a white imp (summoned).

Vanquished Creatures
  A hydra (D:8)
  Erolcha (D:10)
  2 two-headed ogres
  Pikel (D:6)
  A deep elf pyromancer (D:9)
  An unseen horror (D:10)
  A troll (D:9)
  Grinder (D:6)
  A hornet (D:6)
  A wraith (D:10)
  A golden eye (D:8)
  A steam dragon (D:9)
  Menkaure (D:5)
  A warg (D:10)
  A water moccasin (D:7)
  2 orc warriors
  A black bear (D:7)
  2 ice beasts
  A necrophage (D:7)
  An ogre (D:4)
  4 centaurs
  A kobold brigand (D:10)
  2 bullfrogs
  2 scorpions
  2 killer bees (D:8)
  3 wights (D:7)
  A bullfrog zombie (D:5)
  2 centaur zombies
  4 hounds
  5 orc priests
  A gnoll shaman (D:6)
  Jessica (D:3)
  2 iguanas
  9 orc wizards
  2 killer bee zombies
  A hound skeleton (D:4)
  A howler monkey zombie (D:6)
  4 gnolls
  2 howler monkey skeletons
  5 adders
  A shadow imp (D:5)
  2 white imps
  5 worms
  4 dart slugs
  25 orcs
  10 endoplasms
  A giant cockroach (D:1)
  7 goblins
  6 hobgoblins
  15 jackals
  12 kobolds
  7 quokkas
  5 ball pythons
  3 bats
  5 frilled lizards
  4 rats
  A spectral kobold (D:3)
190 creatures vanquished.

Vanquished Creatures (collateral kills)
  Gastronok (D:8)
  An ugly thing (D:10)
  Joseph (D:8)
  Maggie (D:8)
  An acid dragon (D:8)
  A sky beast (D:8)
  A bullfrog (D:8)
  A killer bee (D:8)
8 creatures vanquished.

Vanquished Creatures (others)
  A dart slug (D:8)
  A plant (D:6)
2 creatures vanquished.

Grand Total: 200 creatures vanquished

Notes
Turn   | Place    | Note
-------+----------+-------------------------------------------
     0 | D:1      | ZombieSheep the Gnoll Wanderer began the quest for the Orb.
     0 | D:1      | ZombieSheep set off with the following items: a +0 spear, 4
                  | throwing nets, a +0 leather armour, a +0 quarterstaff
     0 | D:1      | Reached XP level 1. HP: 20/20 MP: 1/1
    76 | D:1      | Reached XP level 2. HP: 9/26 MP: 2/2
   650 | D:1      | Found a faded altar of an unknown god.
   783 | D:1      | Reached XP level 3. HP: 31/31 MP: 3/3
  1197 | D:2      | Reached skill level 1 in Invocations
  1416 | D:2      | Reached skill level 1 in Short Blades
  1416 | D:2      | Reached skill level 1 in Long Blades
  1416 | D:2      | Reached skill level 1 in Axes
  1416 | D:2      | Reached skill level 1 in Maces & Flails
  1416 | D:2      | Reached skill level 1 in Slings
  1416 | D:2      | Reached skill level 1 in Bows
  1416 | D:2      | Reached skill level 1 in Crossbows
  1416 | D:2      | Reached skill level 1 in Throwing
  1416 | D:2      | Reached skill level 1 in Armour
  1416 | D:2      | Reached skill level 1 in Shields
  1416 | D:2      | Reached skill level 1 in Unarmed Combat
  1416 | D:2      | Reached skill level 1 in Spellcasting
  1495 | D:2      | Reached XP level 4. HP: 38/38 MP: 5/5
  2096 | D:3      | Reached skill level 1 in Conjurations
  2096 | D:3      | Reached skill level 1 in Hexes
  2096 | D:3      | Reached skill level 1 in Summonings
  2096 | D:3      | Reached skill level 1 in Necromancy
  2096 | D:3      | Reached skill level 1 in Translocations
  2096 | D:3      | Reached skill level 1 in Transmutations
  2096 | D:3      | Reached skill level 1 in Fire Magic
  2096 | D:3      | Reached skill level 1 in Ice Magic
  2096 | D:3      | Reached skill level 1 in Air Magic
  2096 | D:3      | Reached skill level 1 in Earth Magic
  2096 | D:3      | Reached skill level 1 in Poison Magic
  2293 | D:3      | Noticed Jessica
  2309 | D:3      | Killed Jessica
  2569 | D:3      | Reached XP level 5. HP: 24/43 MP: 5/7
  2791 | D:3      | Found a white marble altar of Elyvilon.
  2873 | D:3      | Found a hazy altar of Hepliaklqana.
  3132 | D:3      | Reached XP level 6. HP: 37/50 MP: 8/8
  3438 | D:4      | Found a transporter.
  3838 | D:4      | Found a transporter.
  3865 | D:4      | Reached skill level 5 in Fighting
  3865 | D:4      | Reached skill level 5 in Dodging
  3914 | D:4      | Found a staircase to the Ecumenical Temple.
  3920 | Temple   | Entered the Ecumenical Temple
  4086 | D:5      | Entered Level 5 of the Dungeon
  4319 | D:5      | Reached XP level 7. HP: 56/56 MP: 10/10
  4357 | D:5      | Reached skill level 7 in Staves
  4572 | D:6      | Noticed a hornet
  4666 | Temple   | Became a worshipper of Nemelex Xobeh the Trickster
  5024 | D:5      | Noticed Menkaure
  5029 | D:5      | Killed Menkaure
  5435 | D:6      | Found a blossoming altar of Fedhas.
  5527 | D:5      | Reached XP level 8. HP: 50/63 MP: 12/12
  5697 | D:6      | Identified the +0 cloak "Miurriam" {Contam Regen+ Int+5
                  | SInv}
  5791 | D:6      | Paralysed by a hornet for 2 turns
  5800 | D:6      | Paralysed by a hornet for 1 turns
  5803 | D:6      | Killed a hornet
  6066 | D:6      | Noticed Grinder
  6076 | D:6      | Killed Grinder
  6089 | D:6      | Found Xequth's Hydra Hut.
  6089 | D:6      | Noticed a six-headed hydra
  6174 | D:6      | Reached * piety under Nemelex Xobeh
  6300 | D:6      | Noticed Pikel
  6305 | D:6      | Paralysed by Pikel for 2 turns
  6320 | D:6      | Paralysed by Pikel for 6 turns
  6332 | D:6      | Paralysed by Pikel for 3 turns
  6347 | D:6      | Killed Pikel
  6348 | D:6      | Reached XP level 9. HP: 45/69 MP: 13/15
  6644 | D:7      | Found Elit Denot's Assorted Antiques.
  6691 | D:7      | Received a gift from Nemelex Xobeh
  6730 | D:7      | Found an opulent altar of Gozag.
  6746 | D:7      | Reached skill level 5 in Polearms
  6746 | D:7      | Reached skill level 5 in Evocations
  6750 | D:7      | Found a broken altar of Ashenzari.
  6753 | D:7      | Found a shadowy altar of Dithmenos.
  6807 | D:7      | Found a radiant altar of Vehumet.
  6836 | D:7      | Reached skill level 5 in Stealth
  6998 | D:7      | Reached skill level 8 in Staves
  7104 | D:7      | Reached ** piety under Nemelex Xobeh
  7398 | D:8      | Noticed a four-headed hydra
  7415 | D:7      | Reached skill level 5 in Invocations
  7434 | D:8      | Noticed Joseph
  7440 | D:8      | Killed Joseph
  7444 | D:8      | Noticed Maggie
  7448 | D:8      | Killed Maggie
  7449 | D:8      | Reached XP level 10. HP: 61/77 MP: 17/17
  7772 | D:8      | Killed a one-headed hydra
  7773 | D:8      | Reached skill level 5 in Short Blades
  7773 | D:8      | Reached skill level 5 in Long Blades
  7773 | D:8      | Reached skill level 5 in Axes
  7773 | D:8      | Reached skill level 5 in Maces & Flails
  7773 | D:8      | Reached skill level 5 in Slings
  7773 | D:8      | Reached skill level 5 in Bows
  7773 | D:8      | Reached skill level 5 in Crossbows
  7773 | D:8      | Reached skill level 5 in Throwing
  7773 | D:8      | Reached skill level 5 in Armour
  7773 | D:8      | Reached skill level 5 in Shields
  7773 | D:8      | Reached skill level 5 in Unarmed Combat
  7773 | D:8      | Reached skill level 5 in Spellcasting
  8002 | D:8      | Noticed Gastronok
  8072 | D:8      | Killed Gastronok
  8439 | D:9      | Reached *** piety under Nemelex Xobeh
  8521 | D:9      | Noticed a two-headed ogre
  8521 | D:9      | Noticed a deep elf pyromancer
  8532 | D:9      | Killed a deep elf pyromancer
  8545 | D:9      | HP: 3/79 [two-headed ogre (21)]
  8546 | D:9      | Killed a two-headed ogre
  8547 | D:9      | Reached XP level 11. HP: 5/84 MP: 19/19
  8626 | D:9      | Noticed a boulder beetle
  8662 | D:10     | Entered Level 10 of the Dungeon
  8670 | D:10     | Found a portal to a secret trove of treasure.
  8753 | D:10     | Received a gift from Nemelex Xobeh
  8755 | D:10     | Noticed a two-headed ogre
  8768 | D:10     | Killed a two-headed ogre
  8769 | D:10     | Reached skill level 9 in Staves
  8806 | D:10     | Reached skill level 5 in Conjurations
  8806 | D:10     | Reached skill level 5 in Hexes
  8806 | D:10     | Reached skill level 5 in Summonings
  8806 | D:10     | Reached skill level 5 in Necromancy
  8806 | D:10     | Reached skill level 5 in Translocations
  8806 | D:10     | Reached skill level 5 in Transmutations
  8806 | D:10     | Reached skill level 5 in Fire Magic
  8806 | D:10     | Reached skill level 5 in Ice Magic
  8806 | D:10     | Reached skill level 5 in Air Magic
  8806 | D:10     | Reached skill level 5 in Earth Magic
  8806 | D:10     | Reached skill level 5 in Poison Magic
  8931 | D:10     | Noticed Erolcha
  8944 | D:10     | Killed Erolcha
  9027 | D:10     | Noticed a green ugly thing
  9051 | D:10     | Killed a green ugly thing
  9151 | D:10     | Found a staircase to the Orcish Mines.
  9167 | D:10     | Paralysed by a centaur for 2 turns
  9290 | D:10     | HP: 1/85 [chaos spawn[a kobold demonologist] (17)]
  9290 | D:10     | Slain by a chaos spawn

Illustrated notes

Levels and vault maps discovered:
D:1:      tarquinn_simple_flora_water_f, layout_basic, basic_ecumenical_altar
D:2:      layout_loops_ring, minmay_tetromino_o4
D:3:      layout_basic, mainiacjoe_overflow_six_doors_small,
          nicolae_hepliaklqana_monster_ancestors, uniq_jessica
D:4:      gammafunk_steamed_eel, layout_cave_pools, minmay_temple_entry_fiery
D:5:      layout_loops_cross, uniq_menkaure
D:6:      lemuel_ice_spiral_2, layout_basic, lemuel_round_altar,
          doesnt_shop_hydraphobe, uniq_pikel, uniq_grinder
D:7:      layout_loops_ring, grunt_temple_overflow_diamond,
          mainiacjoe_overflow_concentric_impassable, nicolae_stop_n_shop_2,
          lemuel_old_faithful
D:8:      layout_rooms, uniq_joseph, uniq_maggie, uniq_gastronok
D:9:      layout_stronghold, minmay_lair_entry_grove, kb_rosetta
D:10:     layout_grid_maze, david_orc_3, nicolae_trove_entry_columns,
          uniq_erolcha
Temple:   regret_index_temple_waves

Skill      XL: |  1  2  3  4  5  6  7  8  9 10 11 |
---------------+----------------------------------+-----
Invocations    | 1 2 3 4 5 6 |  6.9
Short Blades   | 1 2 4 5 6 |  6.3
Long Blades    | 1 2 4 5 6 |  6.3
Axes           | 1 2 4 5 6 |  6.3
Maces & Flails | 1 2 4 5 6 |  6.3
Slings         | 1 2 4 5 6 |  6.3
Bows           | 1 2 4 5 6 |  6.3
Crossbows      | 1 2 4 5 6 |  6.3
Throwing       | 1 2 4 5 6 |  6.3
Armour         | 1 2 4 5 6 |  6.3
Shields        | 1 2 4 5 6 |  6.3
Unarmed Combat | 1 2 4 5 6 |  6.3
Spellcasting   | 1 2 4 5 6 |  6.3
Conjurations   | 1 2 3 4 5 |  5.2
Hexes          | 1 2 3 4 5 |  5.2
Summonings     | 1 2 3 4 5 |  5.2
Necromancy     | 1 2 3 4 5 |  5.2
Translocations | 1 2 3 4 5 |  5.2
Transmutations | 1 2 3 4 5 |  5.2
Fire Magic     | 1 2 3 4 5 |  5.2
Ice Magic      | 1 2 3 4 5 |  5.2
Air Magic      | 1 2 3 4 5 |  5.2
Earth Magic    | 1 2 3 4 5 |  5.2
Poison Magic   | 1 2 3 4 5 |  5.2
Polearms       | 3 4 5 6 |  6.9
Evocations     | 3 4 5 6 |  6.9
Stealth        | 3 4 5 6 |  6.8
Fighting       | 5 6 7 |  7.9
Dodging        | 5 6 7 |  7.9
Staves         | 7 8 9 |  9.2

Action                   |  1- 3 |  4- 6 |  7- 9 | 10-12 || total
-------------------------+-------+-------+-------+-------++-------
Melee: Quarterstaff      |    98 |   178 |   246 |   149 ||   671
       Bite              |     4 |    17 |    21 |    17 ||    59
       Halberd           |       |       |       |     5 ||     5
 Fire: Hunting sling     |       |       |       |    28 ||    28
Throw: Throwing net      |       |     5 |     6 |     2 ||    13
       Boomerang         |       |       |    61 |    26 ||    87
Invok: Draw Destruction  |       |       |     2 |     6 ||     8
       Draw Summoning    |       |       |     2 |     3 ||     5
Evoke: Wand              |       |       |       |     1 ||     1
  Use: Scroll            |     5 |     5 |     8 |     1 ||    19
       Potion            |       |     1 |     3 |     2 ||     6
 Stab: Held in net/web   |       |     1 |     2 |     2 ||     5
Armor: Leather armour    |    16 |       |       |       ||    16
       Ring mail         |     8 |    12 |       |       ||    20
       Scale mail        |       |    34 |    31 |       ||    65
       Chain mail        |       |       |    26 |    82 ||   108
Dodge: Dodged            |    49 |    98 |   130 |   133 ||   410
